 Dungeon Crawl Stone Soup version 0.31-a0-4-gefa6de2278 (webtiles) character file.

Game seed: 14150890418048470776

2132 porpoise the Carver (level 9, -11/72 HPs)
             Began as a Merfolk Gladiator on May 4, 2023.
             Was a Follower of Uskayaw.
             Mangled by a swamp worm (21 damage)
             ... on level 8 of the Dungeon.
             The game lasted 00:32:24 (7092 turns).

porpoise the Carver (Merfolk Gladiator)             Turns: 7092, Time: 00:32:25

Health: -11/72     AC: 11    Str: 15    XL:     9   Next: 30%
Magic:  19/19      EV: 13    Int: 13    God:    Uskayaw [*.....]
Gold:   511        SH:  0    Dex: 19    Spells: 8/8 levels left

rFire   . . .        a - +2 long sword
rCold   . . .        (no shield)
rNeg    + + +        F - +2 ring mail of Derunuov {Fly rElec rN+++}
rPois   .            c - +0 helmet
rElec   +            o - +0 cloak
rCorr   .            p - +0 pair of gloves
SInv    .            C - +0 pair of boots
Will    .....        u - amulet of magic regeneration
Stlth   +            D - +6 ring of intelligence
HPRegen 0.32/turn    G - ring of magical power
MPRegen 0.56/turn

%: no passive effects
@: flying
A: (nimble swimmer 2), mertail
a: Renounce Religion, Stomp


You were on level 8 of the Dungeon.
You worshipped Uskayaw.
Uskayaw was noncommittal.
You visited 2 branches of the dungeon, and saw 9 of its levels.

You collected 511 gold pieces.

Inventory:

Hand Weapons
 a - a +2 long sword (weapon)
 b - a +1 shortbow of flaming
 w - a +2 dagger of speed
 K - a +3 short sword of freezing
 L - a +0 rapier of freezing
Missiles
 h - a throwing net
 B - 16 poisoned darts (quivered)
 M - 4 javelins
Armour
 c - a +0 helmet (worn)
 d - an orb of wrath
 o - a +0 cloak (worn)
 p - a +0 pair of gloves (worn)
 C - a +0 pair of boots (worn)
 F - the +2 ring mail of Derunuov (worn) {Fly rElec rN+++}
   (You found it on level 6 of the Dungeon)

   rElec:     It insulates you from electricity.
   rN:        It renders you almost immune to negative energy.
   Fly:       It grants you flight.
Jewellery
 k - a ring of positive energy
 u - an amulet of magic regeneration (around neck)
 D - a +6 ring of intelligence (left hand)
 G - a ring of magical power (right hand)
 P - a +6 ring of intelligence
Wands
 x - a wand of mindburst (15)
 I - a wand of roots (5)
Scrolls
 e - a scroll of noise {unknown}
 g - a scroll of immolation {unknown}
 i - a scroll of vulnerability
 l - 2 scrolls of fog
 q - a scroll of magic mapping
 t - a scroll of enchant weapon
 y - a scroll of brand weapon {unknown}
 A - a scroll of teleportation
 E - a scroll of enchant armour {unknown}
 H - a scroll of fear {unknown}
 N - a scroll of torment {unknown}
 O - a scroll of amnesia {unknown}
 Q - a scroll of identify
Potions
 f - 6 potions of curing
 j - 2 potions of cancellation
 m - 3 potions of ambrosia
 n - 5 potions of haste
 r - a potion of invisibility
 s - a potion of lignification
 v - 2 potions of mutation
 z - a potion of heal wounds
 J - a potion of berserk rage
 R - a potion of brilliance {unknown}


   Skills:
 - Level 7.0 Fighting
 * Level 12.1 Long Blades
 - Level 2.0 Throwing
 + Level 5.6 Dodging
 + Level 1.7 Invocations


You had 8 spell levels left.
You didn't know any spells.
Your spell library contained the following spells:

 Spells                   Type           Power      Damage    Failure   Level
 Ensorcelled Hibernation  Hex/Ice        0%         N/A       67%         2
 Passwall                 Tmut/Erth      0%         N/A       67%         2
 Dazzling Flash           Conj/Hex       0%         N/A       88%         3
 Portal Projectile        Hex/Tloc       0%         N/A       88%         3
 Swiftness                Air            0%         N/A       88%         3
 Tukima's Dance           Hex            0%         N/A       88%         3
 Agony                    Necr           0%         N/A       100%        5
 Blade Hands              Tmut           0%         N/A       100%        5
 Silence                  Hex/Air        0%         N/A       100%        5


Dungeon Overview and Level Annotations

Branches:
Dungeon (8/15)             Temple (1/1) D:6
   Lair: D:8-11

Altars:
Dithmenos
Elyvilon
Fedhas
Gozag
Hepliaklqana
Kikubaaqudgha
Nemelex Xobeh
Okawaru
Ru
Sif Muna
Uskayaw
Vehumet
Wu Jian
Xom
Yredelemnul

Shops:
D:8 *

Annotations:
D:4 3 runed translucent doors, erniekerbler's ghost, amateur DECj


Innate Abilities, Weirdness & Mutations

((You are very nimble when in or above water. (Stealth+, EV+, Speed+++)))
Your lower body shifts to a powerful aquatic tail in water.


Message History

Something bites the plant.
The swamp worm bites the plant!
A nearby plant withers and dies.
The swamp worm bites the plant.
The plant begins to die.
The swamp worm bites the plant!!
The swamp worm bites the plant.
The swamp worm bites the plant.
The plant begins to die.
The swamp worm bites the plant.
A nearby plant withers and dies.
Okay, then.
Unknown command.
Unknown command.
Your +1 shortbow of flaming bursts into flame!
b - a +1 shortbow of flaming (weapon)
The swamp worm bites the plant!!
You shoot an arrow.
The arrow closely misses the swamp worm.
The arrow hits the plant!
The plant begins to die.
The arrow burns the plant.
The plant is lightly damaged.
A nearby plant withers and dies.
You shoot an arrow. The arrow hits the swamp worm!
The arrow burns the swamp worm.
The swamp worm is heavily wounded.
The swamp worm barely misses you. The swamp worm bites you!!
You shoot an arrow. The arrow hits the swamp worm.
The arrow burns the swamp worm.
The swamp worm is heavily wounded.
The swamp worm bites you but does no damage.
The swamp worm bites you. x2
The swamp worm bites you but does no damage.
The swamp worm bites you!
You shoot an arrow. The arrow barely misses the swamp worm.
The arrow completely misses the plant.
A nearby plant withers and dies.
The swamp worm barely misses you. The swamp worm bites you!
The swamp worm bites you. The swamp worm misses you. The swamp worm bites you!
* * * LOW HITPOINT WARNING * * *
The swamp worm bites you but does no damage.
Your +1 shortbow of flaming stops flaming.
a - a +2 long sword (weapon)
The swamp worm bites you!!
You die...

.........~≈## ~~##
########.~~#~:~~~
~~.#
#.~≈##~~~##≈~.#
#.~~~#~|~#~~~.#
#.#~~##~##~~...
#...~≈~~~≈~...
###.~~~~~~~#
#####.#~www~###.#.#
#.<......@.........
#.#####.....###....
#.# ####### . #.#
#.# ########.#
.........#
##########


You could see 3 swamp worms.

Vanquished Creatures
  A steam dragon (D:6)
  Menkaure (D:4)
  A water moccasin (D:5)
  An ice beast (D:5)
  A sky beast (D:7)
  3 ogres
  2 centaurs
  A phantom (D:5)
  A bullfrog (D:7)
  2 scorpions
  3 wights (D:7)
  2 howler monkeys (D:7)
  A jelly (D:6)
  3 hounds
  A sleepcap (D:5)
  A centaur skeleton (D:3)
  2 gnoll boudas
  5 iguanas
  An orc wizard (D:4)
  A hound zombie (D:3)
  A hound skeleton (D:3)
  7 gnolls
  9 adders
  A shadow imp (D:7)
  2 white imps (D:6)
  An adder zombie (D:3)
  An adder skeleton (D:3)
  A worm (D:3)
  6 dart slugs
  9 orcs
  8 bats
  8 endoplasms
  3 giant cockroaches
  12 hobgoblins
  4 kobolds
  8 ball pythons
  A ball python zombie (D:3)
  6 frilled lizards
  9 goblins
  A quokka skeleton (D:3)
  3 rats
135 creatures vanquished.

Vanquished Creatures (others)
  4 plants (D:8)
4 creatures vanquished.

Grand Total: 139 creatures vanquished

Notes
Turn   | Place    | Note
-------+----------+-------------------------------------------
     0 | D:1      | porpoise the Merfolk Gladiator began the quest for the Orb.
     0 | D:1      | Reached XP level 1. HP: 16/16 MP: 1/1
    55 | D:1      | Reached skill level 4 in Long Blades
    89 | D:1      | Reached XP level 2. HP: 23/23 MP: 2/2
   217 | D:1      | Reached XP level 3. HP: 26/28 MP: 3/3
   312 | D:1      | Found a faded altar of an unknown god.
   832 | D:2      | Reached skill level 5 in Long Blades
  1049 | D:2      | Reached XP level 4. HP: 13/35 MP: 4/4
  1708 | D:3      | Reached XP level 5. HP: 38/41 MP: 5/5
  1923 | D:3      | Reached skill level 6 in Long Blades
  2666 | D:4      | Noticed Menkaure
  2681 | D:4      | Killed Menkaure
  2682 | D:4      | Reached skill level 7 in Long Blades
  2682 | D:4      | Reached XP level 6. HP: 8/49 MP: 6/6
  3013 | D:4      | Found a runed translucent gate.
  3014 | D:4      | Found a runed translucent gate.
  3014 | D:4      | Found a runed translucent gate.
  3544 | D:4      | Noticed erniekerbler's ghost (amateur DECj)
  3612 | D:5      | Entered Level 5 of the Dungeon
  3837 | D:5      | Noticed an ice beast
  3844 | D:5      | Reached XP level 7. HP: 55/55 MP: 7/7
  3855 | D:5      | Reached skill level 5 in Fighting
  3855 | D:5      | Reached skill level 8 in Long Blades
  3989 | D:5      | Reached skill level 9 in Long Blades
  4200 | D:5      | Reached XP level 8. HP: 64/64 MP: 8/8
  4628 | D:5      | Found an opulent altar of Gozag.
  4629 | D:5      | Found an ornate altar of the Wu Jian Council.
  4727 | D:6      | Reached skill level 10 in Long Blades
  4997 | D:5      | Found a white marble altar of Elyvilon.
  4997 | D:5      | Found a basalt altar of Yredelemnul.
  5036 | D:6      | Identified the +2 ring mail of Derunuov {Fly rElec rN+++}
  5345 | D:6      | Found a staircase to the Ecumenical Temple.
  5359 | Temple   | Entered the Ecumenical Temple
  5373 | Temple   | Became a worshipper of Uskayaw the Reveller
  5537 | D:6      | Reached * piety under Uskayaw
  5539 | D:6      | Reached skill level 11 in Long Blades
  5800 | D:7      | Reached ** piety under Uskayaw
  5987 | D:7      | Reached XP level 9. HP: 72/72 MP: 9/9
  6065 | D:7      | Reached skill level 5 in Dodging
  6067 | D:7      | Reached *** piety under Uskayaw
  6207 | D:7      | Reached **** piety under Uskayaw
  6208 | D:7      | Reached skill level 1 in Invocations
  6833 | D:8      | Found Qucsoyzux's Demolitions Depot.
  6843 | D:8      | Reached skill level 12 in Long Blades
  7092 | D:8      | Mangled by a swamp worm

Illustrated notes

Levels and vault maps discovered:
D:1:      minmay_arrival_open_corners, layout_basic,
          chequers_ecumenical_altar_simple, minmay_strange_pillars,
          minmay_misc_feat_tiny, minivault_23
D:2:      layout_basic
D:3:      layout_basic, serial_undead, serial_undead_b, serial_undead_a,
          serial_undead_a, serial_undead_a, amcnicky_mini_rare_corridor_liquid,
          minmay_goblin_kobold_house
D:4:      layout_gridville, ebering_ghost_rock_garden, uniq_menkaure
D:5:      layout_basic, nicolae_overflow_hidden_temple, serial_glass,
          glass_columns_b, glass_columns_a, minmay_between
D:6:      layout_cave_pools, minmay_temple_entry_statues_pillars,
          minmay_misc_feat_pillars
D:7:      layout_gridville
D:8:      layout_loops_ring, minivault_26, nicolae_blasting_shop, worms_lemuel
Temple:   eino_narrow_crystal_temple

Skill      XL: |  1  2  3  4  5  6  7  8  9 |
---------------+----------------------------+-----
Long Blades    | 4 5 7 9 11 12 | 12.1
Fighting       | 3 4 5 7 |  7.0
Dodging        | 5 |  5.6
Invocations    | 1 |  1.7
Throwing       | |  2.0

Action                     |  1- 3 |  4- 6 |  7- 9 || total
---------------------------+-------+-------+-------++-------
  Melee: Long sword        |    90 |   178 |   212 ||   480
         Punch             |       |     3 |     2 ||     5
   Fire: Shortbow          |       |       |    10 ||    10
  Throw: Throwing net      |       |     4 |     1 ||     5
         Javelin           |       |     1 |       ||     1
         Dart              |       |       |    14 ||    14
    Use: Scroll            |       |    10 |     5 ||    15
   Stab: Sleeping          |     1 |     2 |     2 ||     5
         Paralysed         |       |       |     3 ||     3
 Armour: Leather armour    |    34 |    44 |    13 ||    91
         Ring mail         |       |       |    60 ||    60
  Dodge: Dodged            |    42 |   106 |   130 ||   278

Table legend: (Time is in decaauts)
 A = Elapsed time spent in this place.
 B = Non-inter-level travel time spent in this place.
 C = Inter-level travel time spent in this place.
 D = Time resting spent in this place.
 E = Time spent auto-exploring this place.
 F = Levels seen in this place.
 G = Mean time per level.
                   A        B        C        D        E       F      G
               +--------+--------+--------+--------+--------+-----+--------+
         Total |   7092 |   6890 |    202 |   1255 |   4258 |   9 |  788.0 |
       Dungeon |   7069 |   6875 |    194 |   1255 |   4250 |   8 |  883.6 |
        Temple |     22 |     14 |      8 |      0 |      8 |   1 |   22.0 |
               +--------+--------+--------+--------+--------+-----+--------+

Top non-repeatable levels by time:
     D:4: 1223 daAuts
     D:5: 1115 daAuts
     D:2: 1088 daAuts
     D:7: 1018 daAuts
     D:6: 983 daAuts
     D:3: 707 daAuts
     D:1: 619 daAuts
     D:8: 313 daAuts
  Temple: 22 daAuts
